 Dungeon Crawl Stone Soup version 0.25-a0-290-g4a1327ee3a (webtiles) character file.

Game seed: 2094899774997131218, levelgen mode: deterministic

12 floatRand the Ducker (level 2, 14/14 HPs)
             Began as a Spriggan Gladiator on Dec 13, 2019.
             Quit the game on level 1 of the Dungeon.
             The game lasted 00:00:37 (503 turns).

floatRand the Ducker (Spriggan Gladiator)            Turns: 503, Time: 00:00:38

Health: 14/14      AC:  2    Str: 10    XL:     2   Next: 20%
Magic:  3/3        EV: 20    Int:  9    God:
Gold:   46         SH:  0    Dex: 17    Spells: 1/1 levels left

rFire    . . .     SeeInvis +   e - +1 short sword (speed)
rCold    . . .     Gourm    .   (shield restricted)
rNeg     . . .     Faith    .   b - +0 robe
rPois    .         Spirit   .   c - +0 hat
rElec    .         Reflect  .   (no cloak)
rCorr    .         Harm     .   (gloves unavailable)
MR       .....                  (boots unavailable)
Stlth    ++........             (no amulet)
HPRegen  0.04/turn              (no ring)
MPRegen  0.08/turn              (no ring)

@: very quick
A: very small, unfitting armour, see invisible, herbivore, speed 3, slow
metabolism 2
a: no special abilities


You were on level 1 of the Dungeon.
You were not hungry.

You visited 1 branch of the dungeon, and saw 1 of its levels.

You collected 46 gold pieces.

Inventory:

Hand Weapons
 a - a +0 rapier
 e - a +1 short sword of speed (weapon)
Missiles
 d - 3 throwing nets (quivered)
Armour
 b - a +0 robe (worn)
 c - a +0 hat (worn)
Scrolls
 g - 3 scrolls of identify {unknown}
 i - a scroll of immolation {unknown}
Potions
 h - a potion of degeneration {unknown}
Comestibles
 f - 3 rations


   Skills:
 - Level 1.5 Fighting
 + Level 3.5 Short Blades
 - Level 2.0 Throwing
 - Level 4.4 Dodging
 * Level 2.6 Stealth


You had one spell level left.
You didn't know any spells.
Your spell library was empty.

Dungeon Overview and Level Annotations

Branches:
Dungeon (1/15)

Altars:


Innate Abilities, Weirdness & Mutations

You are very small and have problems with some larger weapons.
You are too small for most types of armour.
You have supernaturally acute eyesight. (SInv)
You are a herbivore.
You cover ground extremely quickly.
You need to consume almost no food.


Message History

The kobold is heavily wounded.
The kobold completely misses you.
Unknown command.
You hit the kobold.
You kill the kobold!
Unknown command.
No target in view!
Key pressed, stopping explore.
i - a scroll labeled XEFRU ZASENID
Things that are here:
a +0 club; a hobgoblin corpse You open the door.
There is an open door here.
You see here 20 bolts.
Done exploring.
Done exploring.
Done exploring.
Done exploring.
Done exploring.
Are you sure you want to abandon this character and quit the game? (Confirm with "yes".)

......###.......÷....#.##....#.#
....#.###....###....##.....###.#
#####..##....# #.#...#..##...#.#
.......##....# #.#...#..######.#
.P≈≈P..##..#####.#......#....#.#
.≈≈≈≈..##..#.....######.#.##.###
.≈≈≈≈..##..#.###........#.##.#
.≈≈≈≈..##..#.# #........+....#
.≈≈≈≈..##.)#.###@....).^##.###
.≈≈≈≈..##..#.......#.......#
.≈≈≈≈..##..###.........#####
.≈≈≈≈..##....+........÷'...#
.≈≈≈≈...#...##.........###.#
..≈≈P.#.#...##.........###.#
......#.....#####....#.....#
<.....##....# #....#.#####
......##....#####....#....#


There were no monsters in sight!

Vanquished Creatures
  A goblin (D:1)
  2 hobgoblins (D:1)
  4 kobolds (D:1)
  A bat (D:1)
  2 frilled lizards (D:1)
  2 rats (D:1)
12 creatures vanquished.

Notes
Turn   | Place    | Note
-------+----------+-------------------------------------------
     0 | D:1      | floatRand the Spriggan Gladiator began the quest for the
                  | Orb.
     0 | D:1      | Reached XP level 1. HP: 10/10 MP: 2/2
    36 | D:1      | Reached skill level 1 in Stealth
   312 | D:1      | Reached XP level 2. HP: 14/14 MP: 3/3
   503 | D:1      | Quit the game

Levels and vault maps discovered:
D:1:      giann_bridges, layout_basic

Skill      XL: |  1 |
---------------+----+-----
Stealth        | 2 |  2.6
Fighting       | |  1.5
Short Blades   | |  3.5
Throwing       | |  2.0
Dodging        | |  4.4

Action                   || total
-------------------------++-------
Melee: Short sword       ||    23
       Rapier            ||     7
 Stab: Sleeping          ||     1
Dodge: Dodged            ||    16

Table legend:
 A = Non-vault XP
 B = Vault XP
 C = Vault XP percentage of total XP
 D = Non-vault monster count
 E = Vault monster count
 F = Vault count percentage of total count
                 A         B        C        D         E       F
            +---------+---------+-------+---------+---------+-------
      Total |      18 |       0 |   0.0 |      12 |       0 |   0.0
            +---------+---------+-------+---------+---------+-------
        D:1 |      18 |       0 |   0.0 |      12 |       0 |   0.0
            +---------+---------+-------+---------+---------+-------
